 Dungeon Crawl Stone Soup version 0.26-a0-651-gb41185065b (webtiles) character file.

Game seed: 13344776809757514474

151 vurker the Sneak (level 5, 0/37 HPs)
             Began as a Gnoll Enchanter on Oct 31, 2020.
             Slain by an adder (2 damage)
             ... on level 2 of the Dungeon.
             The game lasted 00:03:10 (1571 turns).

vurker the Sneak (Gnoll Enchanter)                  Turns: 1571, Time: 00:03:11

Health: 0/37       AC:  4    Str: 10    XL:     5   Next: 33%
Magic:  12/12      EV: 16    Int: 15    God:
Gold:   46         SH:  0    Dex: 21    Spells: 13/14 levels left

rFire    . . .     SeeInvis .   k - +2 short sword (venom)
rCold    . . .     Faith    .   (no shield)
rNeg     . . .     Spirit   .   b - +0 robe
rPois    .         Reflect  .   (no helmet)
rElec    .         Harm     .   g - +0 cloak
rCorr    .         Rampage  .   c - +0 pair of gloves
MR       .....                  (no boots)
Stlth    ++++......             m - amulet of the acrobat
HPRegen  0.12/turn              d - +6 ring of dexterity
MPRegen  0.13/turn              h - -4 ring of intelligence (curse)

@: brilliant, lethally poisoned (0 -> -6)
A: distributed training, fangs 1, strong nose
a: no special abilities


You were on level 2 of the Dungeon.
You visited 1 branch of the dungeon, and saw 3 of its levels.

You collected 46 gold pieces.

Inventory:

Hand Weapons
 k - a +2 short sword of venom (weapon)
   (You found it on level 2 of the Dungeon)
Missiles
 n - 14 poisoned darts (quivered)
Armour
 b - a +0 robe (worn)
 c - a +0 pair of gloves (worn)
   (You found it on level 1 of the Dungeon)
 g - a +0 cloak (worn)
   (You found it on level 1 of the Dungeon)
Jewellery
 d - a +6 ring of dexterity (left hand)
   (You found it on level 1 of the Dungeon)
 f - an uncursed amulet of magic regeneration
   (You found it on level 1 of the Dungeon)
 h - a cursed -4 ring of intelligence (right hand)
   (You found it on level 1 of the Dungeon)
 m - an amulet of the acrobat (around neck)
   (You found it on level 2 of the Dungeon)
Wands
 q - a wand of enslavement (9)
   (You found it on level 2 of the Dungeon)
Scrolls
 e - a scroll of remove curse {unknown}
 i - a scroll of identify {unknown}
 j - a scroll of teleportation {unknown}
 l - a scroll of amnesia {unknown}
 o - a scroll of fog {unknown}
 p - a scroll of enchant weapon {unknown}


   Skills:
 + Level 1.4 Fighting
 + Level 2.9 Short Blades
 + Level 1.4 Long Blades
 + Level 1.4 Axes
 + Level 1.4 Maces & Flails
 + Level 1.4 Polearms
 + Level 1.4 Staves
 + Level 1.4 Slings
 + Level 1.4 Bows
 + Level 1.4 Crossbows
 + Level 1.4 Throwing
 + Level 1.4 Armour
 + Level 4.7 Dodging
 + Level 6.1 Stealth
 + Level 1.4 Shields
 + Level 1.4 Unarmed Combat
 + Level 5.2 Spellcasting
 + Level 1.1 Conjurations
 + Level 5.5 Hexes
 + Level 1.1 Summonings
 + Level 1.1 Necromancy
 + Level 1.1 Translocations
 + Level 1.1 Transmutations
 + Level 1.1 Fire Magic
 + Level 1.1 Ice Magic
 + Level 1.1 Air Magic
 + Level 1.1 Earth Magic
 + Level 1.1 Poison Magic
 + Level 1.6 Invocations
 + Level 1.4 Evocations


You had 13 spell levels left.
You knew the following spells:

 Your Spells              Type           Power        Failure   Level
a - Corona                Hex            ####...      1%          1

Your spell library contained the following spells:

 Spells                   Type           Power        Failure   Level
 Confusing Touch          Hex            ####....     4%          3
 Tukima's Dance           Hex            ####....     4%          3
 Ensorcelled Hibernation  Hex/Ice        ###...       6%          2
 Dazzling Flash           Conj/Hex       ###...       12%         3


Dungeon Overview and Level Annotations

Branches:
Dungeon (3/15)

Altars:
Sif Muna
Trog


Innate Abilities, Weirdness & Mutations

Your experience applies equally to all skills.
You have very sharp teeth.
Your uncanny sense of smell can sniff out nearby items.


Message History

Beogh smites you!
* * * LOW HITPOINT WARNING * * *
The adder barely misses you.
You hear a shout! x2
It was a potion of curing.
You feel better. The adder barely misses you.
You closely miss the adder. You bite the adder, but do no damage.
The adder completely misses you. The adder closely misses you.
You barely miss the adder. The adder barely misses you.
You kill the adder!
The orc priest calls down the wrath of Beogh upon you.
Beogh smites you!
* * * LOW HITPOINT WARNING * * *
The adder completely misses you.
You feel better. The adder misses you. The adder barely misses you.
There is a stone staircase leading up here.
You can't go down here!
The adder completely misses you. The adder closely misses you.
The adder barely misses you. x2
You climb upwards.
There is a stone staircase leading down here.
You closely miss the adder. The adder closely misses you.
The adder barely misses you.
You hit the adder.
The adder is poisoned.
The adder bites you.
* * * LOW HITPOINT WARNING * * *
You are poisoned.
The adder poisons you! The adder completely misses you.
You hit the adder.
You kill the adder!
You feel sick. The adder bites you but does no damage.
You hit the adder.
The adder is poisoned.
The adder closely misses you. The adder misses you.
You closely miss the adder. You bite the adder. The adder bites you.
* * * LOW HITPOINT WARNING * * *
You are lethally poisoned!
The adder poisons you!
Okay, then.
You closely miss the adder.
* * * LOW HITPOINT WARNING * * *
You feel sick. The adder bites you but does no damage.
Unknown command.
You barely miss the adder.
* * * LOW HITPOINT WARNING * * *
You feel sick. The adder bites you.
* * * LOW HITPOINT WARNING * * *
It was a potion of brilliance.
You feel clever all of a sudden. The adder bites you.
* * * LOW HITPOINT WARNING * * *
The adder bites you.
You die...

.# .# .# )# ## ##
################# .#
#...............#
.########...............#
...............S@.......#######
#######.#..........###........#
......#.#.....###### #........#
......#........# ####........#
......[........####...........#
......#........#...)..........#
...####.)......#....###########
.#...........)....######
....###................#


You could see an adder (very poisoned).

Vanquished Creatures
  An ogre (D:2)
  4 adders
  A dart slug (D:2)
  3 giant cockroaches (D:1)
  2 goblins (D:1)
  A hobgoblin (D:1)
  7 kobolds
  A quokka (D:2)
  A ball python (D:1)
  6 bats
  3 frilled lizards
  2 rats
32 creatures vanquished.

Notes
Turn   | Place    | Note
-------+----------+-------------------------------------------
     0 | D:1      | vurker the Gnoll Enchanter began the quest for the Orb.
     0 | D:1      | Reached XP level 1. HP: 13/13 MP: 6/6
   169 | D:1      | Reached XP level 2. HP: 19/19 MP: 7/7
   760 | D:2      | Noticed an ogre
  1099 | D:2      | Reached skill level 6 in Stealth
  1099 | D:2      | Reached skill level 5 in Spellcasting
  1099 | D:2      | Reached XP level 3. HP: 25/25 MP: 7/9
  1236 | D:2      | Reached skill level 1 in Invocations
  1262 | D:2      | Found a shimmering blue altar of Sif Muna.
  1262 | D:2      | Found a bloodstained altar of Trog.
  1397 | D:2      | Killed an ogre
  1397 | D:2      | Reached skill level 1 in Fighting
  1397 | D:2      | Reached skill level 1 in Long Blades
  1397 | D:2      | Reached skill level 1 in Axes
  1397 | D:2      | Reached skill level 1 in Maces & Flails
  1397 | D:2      | Reached skill level 1 in Polearms
  1397 | D:2      | Reached skill level 1 in Staves
  1397 | D:2      | Reached skill level 1 in Slings
  1397 | D:2      | Reached skill level 1 in Bows
  1397 | D:2      | Reached skill level 1 in Crossbows
  1397 | D:2      | Reached skill level 1 in Throwing
  1397 | D:2      | Reached skill level 1 in Armour
  1397 | D:2      | Reached skill level 1 in Shields
  1397 | D:2      | Reached skill level 1 in Unarmed Combat
  1397 | D:2      | Reached skill level 1 in Conjurations
  1397 | D:2      | Reached skill level 1 in Summonings
  1397 | D:2      | Reached skill level 1 in Necromancy
  1397 | D:2      | Reached skill level 1 in Translocations
  1397 | D:2      | Reached skill level 1 in Transmutations
  1397 | D:2      | Reached skill level 1 in Fire Magic
  1397 | D:2      | Reached skill level 1 in Ice Magic
  1397 | D:2      | Reached skill level 1 in Air Magic
  1397 | D:2      | Reached skill level 1 in Earth Magic
  1397 | D:2      | Reached skill level 1 in Poison Magic
  1397 | D:2      | Reached skill level 1 in Evocations
  1397 | D:2      | Reached XP level 4. HP: 32/32 MP: 11/11
  1397 | D:2      | Reached XP level 5. HP: 37/37 MP: 12/12
  1556 | D:3      | HP: 1/37 [orc priest/divine providence (14)]
  1571 | D:2      | Slain by an adder

Illustrated notes

Levels and vault maps discovered:
D:1:      dpeg_arrival_concentric_ovals, layout_basic
D:2:      layout_rooms, gammafunk_temple_overflow_wave,
          kennysheep_big_empty_room, chequers_serial_rivers_small_b
D:3:      layout_rooms, cheibrodos_sewer_entry_drain,
          nicolae_dithmenos_shadow_blocks

Skill      XL: |  1  2  3 |
---------------+----------+-----
Stealth        | 6 |  6.1
Spellcasting   | 5 |  5.2
Invocations    | 1 |  1.6
Fighting       | 1 |  1.4
Long Blades    | 1 |  1.4
Axes           | 1 |  1.4
Maces & Flails | 1 |  1.4
Polearms       | 1 |  1.4
Staves         | 1 |  1.4
Slings         | 1 |  1.4
Bows           | 1 |  1.4
Crossbows      | 1 |  1.4
Throwing       | 1 |  1.4
Armour         | 1 |  1.4
Shields        | 1 |  1.4
Unarmed Combat | 1 |  1.4
Conjurations   | 1 |  1.1
Summonings     | 1 |  1.1
Necromancy     | 1 |  1.1
Translocations | 1 |  1.1
Transmutations | 1 |  1.1
Fire Magic     | 1 |  1.1
Ice Magic      | 1 |  1.1
Air Magic      | 1 |  1.1
Earth Magic    | 1 |  1.1
Poison Magic   | 1 |  1.1
Evocations     | 1 |  1.4
Short Blades   | |  2.9
Dodging        | |  4.7
Hexes          | |  5.5

Action                   |  1- 3 |  4- 6 || total
-------------------------+-------+-------++-------
Melee: Dagger            |    50 |       ||    50
       Short sword       |    18 |    14 ||    32
       Bite              |     3 |     2 ||     5
Throw: Dart              |     6 |       ||     6
  Use: Potion            |       |     3 ||     3
 Stab: Sleeping          |    19 |     1 ||    20
Armor: Robe              |    13 |     2 ||    15
Dodge: Dodged            |    43 |    22 ||    65

Table legend: (Time is in decaauts)
 A = Elapsed time spent in this place.
 B = Non-inter-level travel time spent in this place.
 C = Inter-level travel time spent in this place.
 D = Time resting spent in this place.
 E = Time spent auto-exploring this place.
 F = Levels seen in this place.
 G = Mean time per level.
                   A        B        C        D        E       F      G
               +--------+--------+--------+--------+--------+-----+--------+
         Total |   1565 |   1451 |    114 |    212 |    901 |   3 |  521.7 |
       Dungeon |   1565 |   1451 |    114 |    212 |    901 |   3 |  521.7 |
               +--------+--------+--------+--------+--------+-----+--------+

Top non-repeatable levels by time:
     D:1: 1000 daAuts
     D:2: 538 daAuts
     D:3: 26 daAuts
